| TOP OF THE 1ST |
|
Sacramento River Cats batting - Pitching for Las Vegas 51s : RHP Zhao-ying Joe
|
|
Pitching: RHP Zhao-ying Joe
|
|
|
Batting: SHB Carlos Rodriguez
|
0-0: Foul Ball, location: 2F 0-1: Ball 1-1: Called Strike 1-2: Strikes out swinging
|
|
Batting: RHB Sterling Acosta
|
0-0: Ground out U3 (Groundball, 3L, EV 87.5 MPH)
|
|
Batting: LHB Mason Duffy
|
0-0: Ball 1-0: Ball 2-0: Foul Ball, location: 2F 2-1: Foul Ball, location: 2F 2-2: Ball 3-2: Foul Ball, location: 2F 3-2: SINGLE (Line Drive, 78M, EV 97.5 MPH)
|
|
Batting: RHB Troy Trice
|
0-0: Ball 1-0: Ball Wild Pitch! Mason Duffy to second 2-0: Called Strike 2-1: Foul Ball, location: 2F 2-2: Strikes out swinging
|
| Top of the 1st over - 0 runs, 1 hit, 0 errors, 1 left on base; Sacramento 0 - Las Vegas 0 |
| BOTTOM OF THE 1ST |
|
Las Vegas 51s batting - Pitching for Sacramento River Cats : LHP Mike del Rio
|
|
Pitching: LHP Mike del Rio
|
|
|
Batting: RHB Elias Urbina
|
0-0: Ground out 6-3 (Groundball, 6, EV 91.9 MPH)
|
|
Batting: RHB Mike Phillips
|
0-0: Foul Ball, location: 2F 0-1: Ball 1-1: Ball 2-1: Ball 3-1: Swinging Strike 3-2: Foul Ball, location: 2F 3-2: Ground out 1-3 (Groundball, 15S, EV 70.0 MPH)
|
|
Batting: SHB Masatoshi Akahoshi
|
0-0: Called Strike 0-1: Ball 1-1: Ball 2-1: Foul Ball, location: 2F 2-2: Foul Ball, location: 2F 2-2: Ball 3-2: Fly out, F9 (Flyball, 9, EV 88.1 MPH)
|
| Bottom of the 1st over - 0 runs, 0 hits, 0 errors, 0 left on base; Sacramento 0 - Las Vegas 0 |
| TOP OF THE 2ND |
|
Sacramento River Cats batting - Pitching for Las Vegas 51s : RHP Zhao-ying Joe
|
|
Batting: SHB Francisco Gutierrez
|
0-0: Ball 1-0: Ground out 4-3 (Groundball, 4D, EV 86.2 MPH)
|
|
Batting: RHB Brian Rogers
|
0-0: Ball 1-0: Ball 2-0: Foul Ball, location: 2F 2-1: Hit by Pitch
|
|
Batting: LHB Pauli Gassinger
|
0-0: Ball 1-0: Ball 2-0: Ball Wild Pitch! Brian Rogers to second 3-0: Called Strike 3-1: Base on Balls
|
|
Batting: RHB Tyler Mapes
|
0-0: Ball 1-0: Called Strike 1-1: SINGLE (Groundball, 6D, EV 98.1 MPH) Brian Rogers to third Pauli Gassinger to second
|
|
Batting: RHB Carlos Talavera
|
0-0: Called Strike 0-1: Called Strike 0-2: Strikes out swinging
|
|
Batting: SHB Carlos Rodriguez
|
0-0: Called Strike 0-1: Foul Ball, location: 2F 0-2: Ball 1-2: Foul Ball, location: 2F 1-2: Ball 2-2: Foul Ball, location: 2F 2-2: Fielders Choice at 2nd, 6-4 (Groundball, 6, EV 90.6 MPH)
|
| Top of the 2nd over - 0 runs, 1 hit, 0 errors, 3 left on base; Sacramento 0 - Las Vegas 0 |
| BOTTOM OF THE 2ND |
|
Las Vegas 51s batting - Pitching for Sacramento River Cats : LHP Mike del Rio
|
|
Batting: RHB Billy Walker
|
0-0: Called Strike 0-1: Ball 1-1: Ground out 5-3 (Groundball, 5L, EV 85.6 MPH)
|
|
Batting: SHB Nelson Powell
|
0-0: Ball 1-0: Ball 2-0: Ball 3-0: Called Strike 3-1: Foul Ball, location: 2F 3-2: Foul Ball, location: 2F 3-2: Strikes out looking
|
|
Batting: SHB Justin Wallace
|
0-0: Called Strike 0-1: Ball 1-1: Ball 2-1: Fly out, F7 (Flyball, 7S, EV 75.6 MPH)
|
| Bottom of the 2nd over - 0 runs, 0 hits, 0 errors, 0 left on base; Sacramento 0 - Las Vegas 0 |
| TOP OF THE 3RD |
|
Sacramento River Cats batting - Pitching for Las Vegas 51s : RHP Zhao-ying Joe
|
|
Batting: RHB Sterling Acosta
|
0-0: Called Strike 0-1: Swinging Strike 0-2: Ball 1-2: Ball 2-2: Strikes out swinging
|
|
Batting: LHB Mason Duffy
|
0-0: Ball 1-0: Ground out 5-3 (Groundball, 56, EV 90.0 MPH)
|
|
Batting: RHB Troy Trice
|
0-0: Swinging Strike 0-1: Ground out 6-3 (Groundball, 6MS, EV 90.6 MPH)
|
| Top of the 3rd over - 0 runs, 0 hits, 0 errors, 0 left on base; Sacramento 0 - Las Vegas 0 |
| BOTTOM OF THE 3RD |
|
Las Vegas 51s batting - Pitching for Sacramento River Cats : LHP Mike del Rio
|
|
Batting: RHB Jayden Copeland
|
0-0: Swinging Strike 0-1: SINGLE (Line Drive, 5, EV 94.4 MPH)
|
|
Pitching: RHP Wayne Lammers
|
|
|
Batting: RHB Devine Adams
|
0-0: Ball 1-0: Ball 2-0: Called Strike 2-1: Grounds into double play, 5-4-3 (Groundball, 56S, EV 86.2 MPH)
|
|
Batting: RHB Koen van Oort
|
0-0: Fly out, F9 (Flyball, 89M, EV 78.1 MPH)
|
| Bottom of the 3rd over - 0 runs, 1 hit, 0 errors, 0 left on base; Sacramento 0 - Las Vegas 0 |
| TOP OF THE 4TH |
|
Sacramento River Cats batting - Pitching for Las Vegas 51s : RHP Zhao-ying Joe
|
|
Batting: SHB Francisco Gutierrez
|
0-0: Called Strike 0-1: Ball 1-1: Foul Ball, location: 2F 1-2: Foul Ball, location: 2F 1-2: Foul Ball, location: 2F 1-2: Ball 2-2: Foul Ball, location: 2F 2-2: Ball 3-2: Foul Ball, location: 2F 3-2: Ground out 5-3 (Groundball, 5, EV 89.4 MPH)
|
|
Batting: RHB Brian Rogers
|
0-0: Called Strike 0-1: Ball 1-1: Ball 2-1: Swinging Strike 2-2: Fly out, F8 (Flyball, 8LS, EV 75.0 MPH)
|
|
Batting: LHB Pauli Gassinger
|
0-0: Hit by Pitch
|
|
Batting: RHB Tyler Mapes
|
0-0: Ball Pauli Gassinger is caught stealing 2nd base 2-4
|
| Top of the 4th over - 0 runs, 0 hits, 0 errors, 0 left on base; Sacramento 0 - Las Vegas 0 |
| BOTTOM OF THE 4TH |
|
Las Vegas 51s batting - Pitching for Sacramento River Cats : RHP Wayne Lammers
|
|
Batting: RHB Elias Urbina
|
0-0: Ball 1-0: Ball 2-0: Called Strike 2-1: Ground out 6-3 (Groundball, 6, EV 101.2 MPH)
|
|
Batting: RHB Mike Phillips
|
0-0: Ball 1-0: Ball 2-0: Called Strike 2-1: Ball 3-1: Base on Balls
|
|
Batting: SHB Masatoshi Akahoshi
|
0-0: Called Strike 0-1: Ball 1-1: Foul Ball, location: 2F 1-2: Strikes out swinging
|
|
Batting: RHB Billy Walker
|
0-0: Called Strike 0-1: Ball 1-1: Swinging Strike 1-2: Foul Ball, location: 2F 1-2: Fielders Choice at 2nd, 6-4 (Groundball, 6, EV 79.4 MPH)
|
| Bottom of the 4th over - 0 runs, 0 hits, 0 errors, 1 left on base; Sacramento 0 - Las Vegas 0 |
| TOP OF THE 5TH |
|
Sacramento River Cats batting - Pitching for Las Vegas 51s : RHP Zhao-ying Joe
|
|
Batting: RHB Tyler Mapes
|
0-0: Swinging Strike 0-1: Ball 1-1: Ground out 5-3 (Groundball, 56S, EV 88.1 MPH)
|
|
Batting: RHB Carlos Talavera
|
0-0: Fly out, F9 (Line Drive, 9S, EV 113.8 MPH)
|
|
Batting: SHB Carlos Rodriguez
|
0-0: Ball 1-0: Ball 2-0: Ground out U3 (Groundball, 34, EV 85.0 MPH)
|
| Top of the 5th over - 0 runs, 0 hits, 0 errors, 0 left on base; Sacramento 0 - Las Vegas 0 |
| BOTTOM OF THE 5TH |
|
Las Vegas 51s batting - Pitching for Sacramento River Cats : RHP Wayne Lammers
|
|
Batting: SHB Nelson Powell
|
0-0: Ball 1-0: Foul Ball, location: 2F 1-1: Fly out, F9 (Flyball, 9LSF, EV 94.4 MPH)
|
|
Batting: SHB Justin Wallace
|
0-0: Called Strike 0-1: Foul Ball, location: 2F 0-2: Foul Ball, location: 2F 0-2: Ground out 6-3 (Groundball, 4, EV 80.6 MPH)
|
|
Batting: RHB Jayden Copeland
|
0-0: Called Strike 0-1: SINGLE (Groundball, 34S, EV 69.4 MPH) (infield hit)
|
|
Batting: RHB Devine Adams
|
0-0: Called Strike 0-1: Ball 1-1: Ball 2-1: Foul Ball, location: 2F 2-2: 2-RUN HOME RUN (Flyball, 7LD, EV 94.4 MPH), Distance : 377 ft
|
|
Batting: RHB Koen van Oort
|
0-0: Called Strike 0-1: Ball 1-1: Ball 2-1: Ball 3-1: DOUBLE (Line Drive, 9LM, EV 93.8 MPH)
|
|
Batting: RHB Elias Urbina
|
0-0: Called Strike 0-1: Called Strike 0-2: Ground out 1-3 (Groundball, 34S, EV 76.9 MPH)
|
| Bottom of the 5th over - 2 runs, 3 hits, 0 errors, 1 left on base; Sacramento 0 - Las Vegas 2 |
| TOP OF THE 6TH |
|
Sacramento River Cats batting - Pitching for Las Vegas 51s : RHP Zhao-ying Joe
|
|
Batting: RHB Sterling Acosta
|
0-0: Ball 1-0: Ground out 4-3 (Groundball, 4MD, EV 85.0 MPH)
|
|
Batting: LHB Mason Duffy
|
0-0: Fly out, F9 (Flyball, 9LS, EV 89.4 MPH)
|
|
Batting: RHB Troy Trice
|
0-0: Swinging Strike 0-1: Fly out, F9 (Flyball, 9S, EV 88.8 MPH)
|
| Top of the 6th over - 0 runs, 0 hits, 0 errors, 0 left on base; Sacramento 0 - Las Vegas 2 |
| BOTTOM OF THE 6TH |
|
Las Vegas 51s batting - Pitching for Sacramento River Cats : RHP Wayne Lammers
|
|
Batting: RHB Mike Phillips
|
0-0: Ball 1-0: Ball 2-0: Called Strike 2-1: Called Strike 2-2: Strikes out swinging
|
|
Batting: SHB Masatoshi Akahoshi
|
0-0: Ball 1-0: Ball 2-0: Ground out U3 (Groundball, 3, EV 106.2 MPH)
|
|
Batting: RHB Billy Walker
|
0-0: Swinging Strike 0-1: Foul Ball, location: 2F 0-2: Ball 1-2: Foul Ball, location: 2F 1-2: Strikes out looking
|
| Bottom of the 6th over - 0 runs, 0 hits, 0 errors, 0 left on base; Sacramento 0 - Las Vegas 2 |
| TOP OF THE 7TH |
|
Sacramento River Cats batting - Pitching for Las Vegas 51s : RHP Zhao-ying Joe
|
|
Batting: SHB Francisco Gutierrez
|
0-0: Called Strike 0-1: Foul Ball, location: 2F 0-2: Ball 1-2: Ball 2-2: Ball 3-2: Base on Balls
|
|
Batting: RHB Brian Rogers
|
0-0: Called Strike 0-1: Ball 1-1: Ball 2-1: Fielders Choice at 2nd, 5-4 (Groundball, 5, EV 90.6 MPH)
|
|
Batting: LHB Pauli Gassinger
|
0-0: SINGLE (Groundball, 34D, EV 97.5 MPH) Brian Rogers to second Runner from 2nd tries for 3rd, SAFE, throw by RF made to third
|
|
Batting: RHB Tyler Mapes
|
0-0: Called Strike Pauli Gassinger steals 2nd base (no throw) 0-1: Ball 1-1: Ball 2-1: Ball Wild Pitch! Brian Rogers scores Pauli Gassinger to third 3-1: Ground out 6-3 (Groundball, 6, EV 86.9 MPH)
|
|
Pitching: RHP Marvin Merino
|
|
|
Batting: RHB Carlos Talavera
|
0-0: Called Strike 0-1: Called Strike 0-2: Ball 1-2: Ground out 4-3 (Groundball, 4, EV 106.9 MPH)
|
| Top of the 7th over - 1 run, 1 hit, 0 errors, 1 left on base; Sacramento 1 - Las Vegas 2 |
| BOTTOM OF THE 7TH |
|
Las Vegas 51s batting - Pitching for Sacramento River Cats : RHP Wayne Lammers
|
|
Pitching: RHP Takashi Kino
|
|
|
Batting: SHB Nelson Powell
|
0-0: Ball 1-0: Ball 2-0: Foul Ball, location: 2F 2-1: Ball 3-1: Foul Ball, location: 2F 3-2: Foul Ball, location: 2F 3-2: Foul Ball, location: 2F 3-2: Strikes out looking
|
|
Batting: SHB Justin Wallace
|
0-0: Ball 1-0: Foul Ball, location: 2F 1-1: Swinging Strike 1-2: Strikes out swinging
|
|
Batting: RHB Jayden Copeland
|
0-0: Called Strike 0-1: Ball 1-1: Fly out, F9 (Flyball, 9LS, EV 95.6 MPH)
|
| Bottom of the 7th over - 0 runs, 0 hits, 0 errors, 0 left on base; Sacramento 1 - Las Vegas 2 |
| TOP OF THE 8TH |
|
Sacramento River Cats batting - Pitching for Las Vegas 51s : RHP Marvin Merino
|
|
Pitching: RHP Ryan Wilson
|
|
|
Batting: SHB Carlos Rodriguez
|
0-0: Ball 1-0: Called Strike 1-1: Foul Ball, location: 2F 1-2: Strikes out swinging
|
|
Batting: RHB Sterling Acosta
|
0-0: Ball 1-0: Foul Ball, location: 2F 1-1: Ball 2-1: Ground out 6-3 (Groundball, 56S, EV 66.2 MPH)
|
|
Batting: LHB Mason Duffy
|
0-0: Ball 1-0: Foul Ball, location: 2F 1-1: Ball 2-1: Ball 3-1: SINGLE (Line Drive, 3D, EV 100.0 MPH)
|
|
Batting: RHB Troy Trice
|
0-0: Called Strike 0-1: Foul Ball, location: 2F 0-2: Foul Ball, location: 2F 0-2: Ball 1-2: Ball 2-2: Strikes out looking
|
| Top of the 8th over - 0 runs, 1 hit, 0 errors, 1 left on base; Sacramento 1 - Las Vegas 2 |
| BOTTOM OF THE 8TH |
|
Las Vegas 51s batting - Pitching for Sacramento River Cats : RHP Takashi Kino
|
|
Batting: RHB Devine Adams
|
0-0: Ball 1-0: Ball 2-0: Fly out, F8 (Flyball, 89S, EV 75.0 MPH)
|
|
Batting: RHB Koen van Oort
|
0-0: Ball 1-0: Fly out, F8 (Flyball, 89D, EV 85.6 MPH)
|
|
Batting: RHB Elias Urbina
|
0-0: Ball 1-0: Called Strike 1-1: Ball 2-1: Foul Ball, location: 2F 2-2: Foul Ball, location: 2F 2-2: Foul Ball, location: 2F 2-2: Foul Ball, location: 2F 2-2: Strikes out swinging
|
| Bottom of the 8th over - 0 runs, 0 hits, 0 errors, 0 left on base; Sacramento 1 - Las Vegas 2 |
| TOP OF THE 9TH |
|
Sacramento River Cats batting - Pitching for Las Vegas 51s : RHP Ryan Wilson
|
|
Pitching: RHP Alastair Henry
|
|
|
Now at 1B: Billy Walker
|
|
|
Now at 2B: Koen van Oort
|
|
|
Now at 3B: Omar Novoa
|
|
|
Batting: SHB Francisco Gutierrez
|
0-0: Ball 1-0: Called Strike 1-1: Ball 2-1: Ball 3-1: Base on Balls
|
|
Batting: RHB Brian Rogers
|
0-0: Swinging Strike 0-1: Ball 1-1: Foul Ball, location: 2F 1-2: Strikes out swinging
|
|
Batting: LHB Pauli Gassinger
|
0-0: Ball 1-0: Swinging Strike 1-1: Swinging Strike 1-2: Ball 2-2: Strikes out swinging
|
|
Pinch Hitting: LHB Dillon Gonzalez
|
0-0: Ball 1-0: Foul Ball, location: 2F 1-1: Called Strike 1-2: Strikes out swinging
|
| Top of the 9th over - 0 runs, 0 hits, 0 errors, 1 left on base; Sacramento 1 - Las Vegas 2 |
|